 Dungeon Crawl Stone Soup version 0.18-b1-22-ge198996 (webtiles) character file.

9654 nikopol the Spear-Bearer (level 11, -3/97 HPs)
             Began as a Minotaur Berserker on May 2, 2016.
             Was a High Priest of Trog.
             Slain by an unseen horror (4 damage)
             ... on level 10 of the Dungeon on May 3, 2016.
             The game lasted 00:53:52 (9684 turns).

nikopol the Spear-Bearer (Minotaur Berserker)       Turns: 9684, Time: 00:53:53

Health: -3/97      AC:  8    Str: 22    XL:     11   Next: 25%
Magic:  3/3        EV: 15    Int:  4    God:    Trog [*****.]
Gold:   640        SH:  0    Dex: 13    Spells: 0 memorised, 10 levels left

rFire  . . .     SeeInvis .     b - +3 glaive (antimagic)
rCold  . . .     Gourm    .     l - +0 ring mail
rNeg   . . .     Faith    .     (shield currently unavailable)
rPois  .         Spirit   .     (helmet restricted)
rElec  .         Dismiss  .     (no cloak)
rCorr  .         Reflect  .     z - +0 pair of gloves
SustAt +         Harm     .     (no boots)
MR     .....                    (no amulet)
Stlth  +.........               k - ring of sustain attributes
                                (no ring)

@: lethally poisoned (-3 -> -3), not resistant to hostile enchantments, very
unstealthy
A: retaliatory headbutt, horns 2
a: Berserk, Trog's Hand, Brothers in Arms, Burn Spellbooks, Renounce Religion


You were on level 10 of the Dungeon.
You worshipped Trog.
Trog was extremely pleased with you.
You were not hungry.

You visited 1 branch of the dungeon, and saw 10 of its levels.
You also visited: Sewer.

You collected 640 gold pieces.

Inventory:

Hand Weapons
 a - a +1 spear
 b - a +3 antimagic glaive (weapon)
Missiles
 q - 2 silver tomahawks (quivered)
 r - 8 tomahawks of dispersal
 v - 9 exploding tomahawks
Armour
 l - a +0 ring mail (worn)
 z - a +0 pair of gloves (worn)
Jewellery
 k - a ring of sustain attributes (right hand)
Wands
 g - a wand of lightning (7/15)
 s - a wand of disintegration (15/24)
 D - a wand of disintegration (12/24)
 F - a wand of acid (10/15)
 H - a wand of iceblast (7/15)
 M - a wand of flame (30/48)
 P - a wand of enslavement (15/24)
 R - a wand of lightning (7/15)
Scrolls
 d - 9 scrolls of teleportation
 i - a scroll of silence {unknown}
 m - a scroll of fear {unknown}
 p - a scroll of immolation {unknown}
 t - 8 scrolls of remove curse {unknown}
 w - a scroll of acquirement {unknown}
 x - 3 scrolls of identify {unknown}
 y - a scroll of enchant weapon
 E - a scroll of summoning {unknown}
 G - 2 scrolls of enchant armour {unknown}
 Q - a scroll of magic mapping
 T - a scroll of fog {unknown}
 U - a scroll of recharging {unknown}
 W - a scroll of noise {unknown}
 Z - a scroll of random uselessness {unknown}
Potions
 e - a potion of beneficial mutation {unknown}
 f - 2 potions of haste {unknown}
 h - 3 potions of curing {unknown}
 n - 6 potions of flight
 o - 6 potions of degeneration {unknown}
 u - 2 potions of mutation {unknown}
 I - a potion of lignification {unknown}
 J - a potion of agility {unknown}
 K - a potion of heal wounds {unknown}
 N - a potion of berserk rage {unknown}
 O - a potion of brilliance {unknown}
Books
 j - a book of Changes

   Spells                             Type                      Level
   a - Beastly Appendage              Transmutation                1
   b - Sticks to Snakes               Transmutation                2
   c - Spider Form                    Transmutation/Poison         3
   d - Ice Form                       Ice/Transmutation            4
   e - Blade Hands                    Transmutation                5
   Trog disapproves of the use of such an item.
 B - a book of Necromancy

   Spells                             Type                      Level
   a - Pain                           Necromancy                   1
   b - Animate Skeleton               Necromancy                   1
   c - Vampiric Draining              Necromancy                   3
   d - Regeneration                   Charms/Necromancy            3
   e - Animate Dead                   Necromancy                   4
   f - Control Undead                 Necromancy                   4
   Trog disapproves of the use of such an item.
 C - a book of Summonings

   Spells                             Type                      Level
   a - Recall                         Summoning/Translocation      3
   b - Aura of Abjuration             Summoning                    5
   c - Summon Demon                   Summoning                    5
   d - Summon Forest                  Summoning/Translocation      5
   e - Summon Mana Viper              Hexes/Summoning              5
   f - Shadow Creatures               Summoning                    6
   Trog disapproves of the use of such an item.
 X - a book of Burglary

   Spells                             Type                      Level
   a - Swiftness                      Charms/Air                   2
   b - Passwall                       Transmutation/Earth          2
   c - Passage of Golubria            Translocation                4
   d - Lee's Rapid Deconstruction     Earth                        5
   e - Darkness                       Hexes                        6
   f - Invisibility                   Hexes                        6
   Trog disapproves of the use of such an item.
Miscellaneous
 V - a fan of gales
Comestibles
 c - 5 bread rations
 A - 5 meat rations
 L - 12 fruits
 Y - 6 slices of pizza


   Skills:
 + Level 9.2 Fighting
 * Level 12.5 Polearms
 + Level 6.9 Throwing
 + Level 9.1 Armour
 + Level 8.5 Dodging


You had 10 spell levels left.
You didn't know any spells.

Dungeon Overview and Level Annotations

Branches:
Dungeon (10/15)            Temple (0/1) D:5
   Lair: D:8-11         Orc: D:9-12

Altars:
Cheibriados
Dithmenos
Kikubaaqudgha
Nemelex Xobeh
Okawaru
Ru
Sif Muna
Xom
Yredelemnul
Zin

Shops:
D:4 *   D:7 :


Innate Abilities, Weirdness & Mutations

You reflexively headbutt those who attack you in melee.
You have a pair of horns on your head.


Message History

You closely miss something. Something hits you but does no damage.
The crimson imp falters for a moment.
You feel sick. Something hits you.
* * * LOW HITPOINT WARNING * * *
Something hits you.
* * * LOW HITPOINT WARNING * * *
Things that are here:
a water moccasin corpse; a killer bee corpse x2
Something hits you.
* * * LOW HITPOINT WARNING * * *
The crimson imp hits you.
* * * LOW HITPOINT WARNING * * *
There is an open door, spattered with blood here.
You hit the crimson imp but do no damage.
Something hits you but does no damage. The crimson imp misses you.
You feel sick. Something hits you!
* * * LOW HITPOINT WARNING * * *
You see here a water moccasin corpse.
Something hits you but does no damage. Something hits you.
You die... # #.# . . ... # # #.# .#. ... # # #### #.. ... # # PPPPP

#.# #.# # # ..... #.## #.# #
......#..# #.# # ......#..#
##'#### # #
......'†.#########.....#####
#
....(.((5'†@....##.....'...#
#
..(...#..######.##.....###.'
# .(....#..# #..'.....# ###
# ..... #..# ####.....# # #


PPPPP #..# ####### # #### #### You could see a crimson imp.

Vanquished Creatures
  A hydra (D:10)
  3 hill giants
  Joseph (D:7)
  2 trolls (D:10)
  A queen bee (D:10)
  A wyvern (D:9)
  7 yaks (D:10)
  A hungry ghost (D:10)
  A water moccasin (D:10)
  Duvessa (D:4)
  5 sky beasts
  The ghost of minicreteconcrete the Skirmisher, an amateur DrWn of Cheibriados (D:3)
  A black bear (D:10)
  2 ice beasts (D:8)
  4 phantoms
  5 ogres
  A wasp (D:10)
  A crocodile (D:8)
  4 big kobolds
  4 giant frogs
  Dowan (D:4)
  10 scorpions
  17 killer bees
  2 centaur zombies
  3 crimson imps
  8 hounds
  2 orc priests
  3 orc wizards
  Jessica (D:2)
  3 iguanas
  Ijyb (D:3)
  Terence (D:3)
  A merfolk avatar (Sewer)
  3 worker ants
  A siren (Sewer)
  2 sheep (D:10)
  A howler monkey zombie (D:5)
  8 gnolls
  16 adders
  A howler monkey skeleton (D:6)
  4 river rats (Sewer)
  2 shadow imps
  3 adder zombies
  2 adder skeletons
  4 worms
  2 dart slugs
  4 giant geckos
  22 orcs
  7 giant cockroaches
  5 goblins
  7 hobgoblins
  15 jackals
  3 kobolds
  4 quokkas
  2 ball pythons
  9 bats
  2 giant gecko zombies
  7 giant newts
  2 quokka skeletons (D:4)
  24 rats
  2 fungi (D:5)
  A plant (D:10)
265 creatures vanquished.

Vanquished Creatures (others)
  16 plants (D:10)
16 creatures vanquished.

Grand Total: 281 creatures vanquished

Notes
Turn   | Place    | Note
--------------------------------------------------------------
     0 | D:1      | nikopol the Minotaur Berserker began the quest for the Orb.
     0 | D:1      | Reached XP level 1. HP: 19/19 MP: 0/0
   173 | D:1      | Reached XP level 2. HP: 27/27 MP: 1/1
   607 | D:1      | Reached skill level 4 in Polearms
   708 | D:2      | Noticed Jessica
   720 | D:2      | Killed Jessica
   720 | D:2      | Reached XP level 3. HP: 33/33 MP: 2/2
   726 | D:2      | Reached XP level 4. HP: 40/40 MP: 3/3
   733 | D:2      | Reached ** piety under Trog
   912 | D:2      | Found a deep blue altar of Sif Muna.
  1166 | D:2      | Found a faded altar to an unknown god.
  1193 | D:2      | Found a shadowy altar of Dithmenos.
  1246 | D:2      | Reached skill level 1 in Throwing
  1342 | D:3      | Noticed minicreteconcrete's ghost (amateur DrWn)
  1349 | D:3      | Killed minicreteconcrete's ghost
  1349 | D:3      | Reached skill level 5 in Polearms
  1349 | D:3      | Reached XP level 5. HP: 47/47 MP: 4/4
  1404 | D:3      | Noticed Terence
  1411 | D:3      | Killed Terence
  1491 | D:3      | Reached XP level 6. HP: 47/55 MP: 5/5
  1530 | D:3      | Noticed an angel
  1531 | D:3      | Found a glowing silver altar of Zin.
  1532 | D:3      | Found a shimmering altar of Xom.
  1704 | D:3      | Found a sparkling altar of Nemelex Xobeh.
  1740 | D:3      | Noticed Ijyb
  1748 | D:3      | Killed Ijyb
  2146 | D:4      | Reached skill level 5 in Fighting
  2181 | D:4      | Found Mozet's General Store.
  2211 | D:4      | Reached skill level 6 in Polearms
  2228 | D:4      | Reached XP level 7. HP: 52/61 MP: 6/6
  2236 | D:4      | Reached *** piety under Trog
  2403 | D:4      | Found a glowing drain.
  2408 | Sewer    | Entered a sewer
  3178 | D:4      | Noticed Duvessa
  3178 | D:4      | Noticed Dowan
  3189 | D:4      | Killed Duvessa
  3195 | D:4      | Killed Dowan
  3527 | D:5      | Entered Level 5 of the Dungeon
  3557 | D:5      | Received a gift from Trog
  3557 | D:5      | Reached skill level 7 in Polearms
  3557 | D:5      | Reached skill level 5 in Armour
  3757 | D:5      | Reached skill level 5 in Dodging
  3757 | D:5      | Reached XP level 8. HP: 70/70 MP: 7/7
  4013 | D:5      | Reached **** piety under Trog
  4107 | D:5      | Found a staircase to the Ecumenical Temple.
  4532 | D:6      | Reached skill level 8 in Polearms
  4600 | D:6      | Found a basalt altar of Yredelemnul.
  4632 | D:6      | Found an ancient bone altar of Kikubaaqudgha.
  5077 | D:7      | Found Yhadesh's Book Shop.
  5109 | D:7      | Reached XP level 9. HP: 71/79 MP: 8/8
  5180 | D:7      | Found an iron altar of Okawaru.
  5250 | D:7      | Reached skill level 9 in Polearms
  5349 | D:7      | Noticed Joseph
  5373 | D:7      | Killed Joseph
  5829 | D:8      | Found a snail-covered altar of Cheibriados.
  6041 | D:8      | Reached ***** piety under Trog
  6053 | D:8      | Reached skill level 5 in Throwing
  6273 | D:8      | Reached skill level 10 in Polearms
  6548 | D:8      | Upgraded the game from 0.18-b1-18-g7758cf2 to 0.18-b1-22-ge198996
  6711 | D:9      | Found a sacrificial altar of Ru.
  7208 | D:9      | Noticed a hill giant
  7217 | D:9      | Killed a hill giant
  7217 | D:9      | Reached XP level 10. HP: 62/88 MP: 9/9
  7368 | D:10     | Entered Level 10 of the Dungeon
  7821 | D:10     | Reached skill level 11 in Polearms
  8108 | D:10     | Noticed a three-headed hydra
  8113 | D:10     | Killed a three-headed hydra
  8182 | D:10     | Noticed a hill giant
  8214 | D:10     | Killed a hill giant
  8567 | D:10     | Received a gift from Trog
  8627 | D:10     | Noticed a hill giant
  8640 | D:10     | Killed a hill giant
  8640 | D:10     | Reached skill level 12 in Polearms
  8992 | D:10     | Reached XP level 11. HP: 92/95 MP: 10/10
  9644 | D:10     | Received a gift from Trog
  9683 | D:10     | HP: 1/97 [something (8)]
  9684 | D:10     | Slain by an unseen horror

Skill      XL: |  1  2  3  4  5  6  7  8  9 10 11 |
---------------+----------------------------------+-----
Polearms       | 4 5 6 7 8 10 12 | 12.5
Fighting       | 4 5 7 8 9 |  9.2
Armour         | 3 4 5 6 7 8 9 |  9.1
Dodging        | 3 4 5 7 8 |  8.5
Throwing       | 1 2 3 4 5 6 |  6.9

Action                   |  1- 3 |  4- 6 |  7- 9 | 10-12 || total
-------------------------+-------+-------+-------+-------++-------
Melee: Spear             |    42 |   155 |   603 |   346 ||  1146
       Headbutt          |     4 |    31 |    98 |    88 ||   221
       Glaive            |       |       |       |     8 ||     8
Throw: Tomahawk          |       |     2 |    47 |    22 ||    71
Invok: Berserk           |     1 |     3 |     4 |     6 ||    14
       Burn Spellbooks   |       |       |     2 |       ||     2
       Trog's Hand       |       |       |     1 |       ||     1
  Use: Scroll            |       |     1 |     2 |       ||     3
 Stab: Sleeping          |     1 |       |       |       ||     1
       Held in net/web   |       |       |     2 |       ||     2
       Paralysed         |       |       |     2 |       ||     2
  Eat: Chunk             |       |     6 |    19 |     8 ||    33
       Beef jerky        |       |     1 |     2 |     1 ||     4
       Bread ration      |       |       |       |     1 ||     1
Armor: Animal skin       |     3 |     2 |       |       ||     5
       Leather armour    |       |     7 |       |       ||     7
       Ring mail         |       |    13 |    81 |    54 ||   148
Dodge: Dodged            |    16 |    50 |   183 |   101 ||   350
